3AA
GLENDALE HERONS @ VIRGINIA BEACH DEUCES
09/17/2028
 
TOP OF THE 1ST
Glendale Herons batting - Pitching for Virginia Beach Deuces : LHP Gabriel Herrera
Pitching: LHP Gabriel Herrera
Batting: RHB Salvador Bueno 0-0: Called Strike
0-1: Ball
1-1: Ball
2-1: Foul Ball, location: 2F
2-2: Ball
3-2: Strikes out swinging
Batting: RHB Cristián Lima 0-0: Swinging Strike
0-1: Foul Ball, location: 2F
0-2: Ball
1-2: Strikes out swinging
Batting: LHB Jin-song Seah 0-0: Ball
1-0: Foul Ball, location: 2F
1-1: Ball
2-1: Ground out U3 (Groundball, 3)
Top of the 1st over - 0 run(s), 0 hit(s), 0 error(s), 0 left on base; Glendale 0 - Virginia Beach 0
BOTTOM OF THE 1ST
Virginia Beach Deuces batting - Pitching for Glendale Herons : RHP Toddster Gordo
Pitching: RHP Toddster Gordo
Batting: SHB Leo Szilard 0-0: DOUBLE (Flyball, 7LM)
Batting: RHB Júlio Becerra 0-0: Fly out, F8 (Flyball, 8LM)
Batting: LHB Atílio Mansilhas 0-0: Ball
1-0: Ball
Leo Szilard steals 3rd base
2-0: Fly out, F8 (Line Drive, 78M)
Runner from 3rd tags up, SCORES, no throw
Batting: RHB Andrew Crosby 0-0: Called Strike
0-1: SINGLE (Line Drive, 4MD)
Batting: SHB Carlos Pérez 0-0: Called Strike
0-1: DOUBLE (Flyball, 9LD)
Andrew Crosby to third
Runner from 3rd tries for Home, SAFE, no throw
Batting: RHB Gerardo Espinoza 0-0: Called Strike
0-1: Called Strike
0-2: Foul Ball, location: 2F
0-2: Ball
1-2: Foul Ball, location: 2F
1-2: Foul Ball, location: 2F
1-2: Strikes out swinging
Bottom of the 1st over - 2 run(s), 3 hit(s), 0 error(s), 1 left on base; Glendale 0 - Virginia Beach 2
TOP OF THE 2ND
Glendale Herons batting - Pitching for Virginia Beach Deuces : LHP Gabriel Herrera
Batting: RHB Claudio Tappen 0-0: Ball
1-0: Ball
2-0: Ball
3-0: Base on Balls
Batting: RHB Takechi Okubo 0-0: Foul Ball, location: 2F
0-1: Ball
1-1: Ball
2-1: Called Strike
2-2: Foul Ball, location: 2F
2-2: Strikes out looking
Batting: RHB Héctor Moreno 0-0: Called Strike
0-1: Grounds into double play, 6-4-3 (Groundball, 6)
Top of the 2nd over - 0 run(s), 0 hit(s), 0 error(s), 0 left on base; Glendale 0 - Virginia Beach 2
BOTTOM OF THE 2ND
Virginia Beach Deuces batting - Pitching for Glendale Herons : RHP Toddster Gordo
Batting: LHB Ramón Castro 0-0: Called Strike
0-1: Ball
1-1: Ball
2-1: Foul Ball, location: 2F
2-2: Fly out, F7 (Flyball, 7S)
Batting: RHB Jody Lemoine 0-0: Ball
1-0: Ball
2-0: Foul Ball, location: 2F
2-1: SINGLE (Groundball, 6M) (infield hit)
Batting: RHB James Hill 0-0: Ball
1-0: Called Strike
1-1: Fly out, F7 (Flyball, 78M)
Batting: SHB Leo Szilard 0-0: Ground out U3 (Groundball, 34)
Bottom of the 2nd over - 0 run(s), 1 hit(s), 0 error(s), 1 left on base; Glendale 0 - Virginia Beach 2
TOP OF THE 3RD
Glendale Herons batting - Pitching for Virginia Beach Deuces : LHP Gabriel Herrera
Batting: LHB Jerry Wilson 0-0: SINGLE (Line Drive, 8RS)
Batting: LHB José Rodríguez 0-0: Ball
1-0: Foul Ball, location: 2F
1-1: Swinging Strike
1-2: Ball
2-2: Strikes out swinging
Batting: SHB Yun-qi Chien 0-0: Ball
1-0: Ball
2-0: Ball
3-0: Base on Balls
Jerry Wilson to second
Batting: RHB Salvador Bueno 0-0: Called Strike
0-1: Ball
1-1: Foul Ball, location: 2F
1-2: Ball
2-2: Fielders Choice at 2nd, 5-4 (Groundball, 56)
Jerry Wilson to third
Batting: RHB Cristián Lima 0-0: Ball
1-0: Foul Ball, location: 2F
1-1: Ball
2-1: Called Strike
2-2: Foul Ball, location: 2F
2-2: Foul Ball, location: 2F
2-2: Ball
3-2: Base on Balls
Salvador Bueno to second
Batting: LHB Jin-song Seah 0-0: Fielders Choice at 2nd, 4-6 (Groundball, 4)
Top of the 3rd over - 0 run(s), 1 hit(s), 0 error(s), 2 left on base; Glendale 0 - Virginia Beach 2
BOTTOM OF THE 3RD
Virginia Beach Deuces batting - Pitching for Glendale Herons : RHP Toddster Gordo
Batting: RHB Júlio Becerra 0-0: Foul Ball, location: 2F
0-1: Swinging Strike
0-2: Foul Ball, location: 2F
0-2: Foul Ball, location: 2F
0-2: Ball
1-2: Ball
2-2: Ball
3-2: Fly out, F7 (Line Drive, 78M)
Batting: LHB Atílio Mansilhas 0-0: Ball
1-0: Called Strike
1-1: Fly out, F7 (Line Drive, 7)
Batting: RHB Andrew Crosby 0-0: Ball
1-0: SINGLE (Flyball, 8RS)
Batting: SHB Carlos Pérez 0-0: Ball
1-0: Ball
Andrew Crosby steals 2nd base
2-0: Called Strike
2-1: Ground out 6-3 (Groundball, 6)
Bottom of the 3rd over - 0 run(s), 1 hit(s), 0 error(s), 1 left on base; Glendale 0 - Virginia Beach 2
TOP OF THE 4TH
Glendale Herons batting - Pitching for Virginia Beach Deuces : LHP Gabriel Herrera
Batting: RHB Claudio Tappen 0-0: Called Strike
0-1: Ball
1-1: Ball
2-1: Ball
3-1: Foul Ball, location: 2F
3-2: Foul Ball, location: 2F
3-2: Base on Balls
Batting: RHB Takechi Okubo 0-0: Ball
1-0: Ball
2-0: Ball
3-0: Called Strike
3-1: Base on Balls
Claudio Tappen to second
Batting: RHB Héctor Moreno 0-0: Ball
1-0: Foul Ball, location: 2F
1-1: Ball
2-1: Ball
3-1: Foul Ball, location: 2F
3-2: Foul Ball, location: 2F
3-2: Base on Balls
Claudio Tappen to third
Takechi Okubo to second
Batting: LHB Jerry Wilson 0-0: Called Strike
0-1: Called Strike
0-2: Ball
1-2: Foul Ball, location: 2F
1-2: Strikes out swinging
Batting: LHB José Rodríguez 0-0: SINGLE (Groundball, 6MD)
Claudio Tappen scores
Takechi Okubo to third
Héctor Moreno to second
Batting: SHB Yun-qi Chien 0-0: Fly out, F9 (Flyball, 9LS)
Batting: RHB Salvador Bueno 0-0: Ball
1-0: Ball
2-0: Swinging Strike
2-1: Ball
3-1: Base on Balls
Takechi Okubo scores
Héctor Moreno to third
José Rodríguez to second
Batting: RHB Cristián Lima 0-0: Called Strike
0-1: SINGLE (Line Drive, 89M)
Héctor Moreno scores
José Rodríguez to third
Salvador Bueno to second
Runner from 3rd tries for Home, SAFE, throw made at trailing runner, SAFE at third!
Batting: LHB Jin-song Seah 0-0: Ball
1-0: Foul Ball, location: 2F
1-1: Ball
2-1: SINGLE (Groundball, 4MD)
Salvador Bueno scores
Cristián Lima to second
Runner from 2nd tries for 3rd, SAFE after rundown.
Batting: RHB Claudio Tappen 0-0: Ball
1-0: Fly out, F9 (Flyball, 9S)
Top of the 4th over - 5 run(s), 3 hit(s), 0 error(s), 2 left on base; Glendale 5 - Virginia Beach 2
BOTTOM OF THE 4TH
Virginia Beach Deuces batting - Pitching for Glendale Herons : RHP Toddster Gordo
Batting: RHB Gerardo Espinoza 0-0: Called Strike
0-1: Foul Ball, location: 2F
0-2: Strikes out swinging
Batting: LHB Ramón Castro 0-0: Ball
1-0: Fly out, F3 (Popup, 3S)
Batting: RHB Jody Lemoine 0-0: Ground out 6-3 (Groundball, 6)
Bottom of the 4th over - 0 run(s), 0 hit(s), 0 error(s), 0 left on base; Glendale 5 - Virginia Beach 2
TOP OF THE 5TH
Glendale Herons batting - Pitching for Virginia Beach Deuces : LHP Gabriel Herrera
Batting: RHB Takechi Okubo 0-0: Ball
1-0: Ball
2-0: Called Strike
2-1: Swinging Strike
2-2: Strikes out swinging
Batting: RHB Héctor Moreno 0-0: Swinging Strike
0-1: Foul Ball, location: 2F
0-2: Strikes out looking
Batting: LHB Jerry Wilson 0-0: Fly out, F7 (Flyball, 78S)
Top of the 5th over - 0 run(s), 0 hit(s), 0 error(s), 0 left on base; Glendale 5 - Virginia Beach 2
BOTTOM OF THE 5TH
Virginia Beach Deuces batting - Pitching for Glendale Herons : RHP Toddster Gordo
Batting: RHB James Hill 0-0: Fly out, F8 (Line Drive, 8LM)
Batting: SHB Leo Szilard 0-0: Ball
1-0: Ground out 6-3 (Groundball, 6)
Batting: RHB Júlio Becerra 0-0: SINGLE (Groundball, 56S) (infield hit)
Batting: LHB Atílio Mansilhas 0-0: Foul Ball, location: 2F
0-1: Ball
1-1: Ball
2-1: Fly out, F7 (Flyball, 78S)
Bottom of the 5th over - 0 run(s), 1 hit(s), 0 error(s), 1 left on base; Glendale 5 - Virginia Beach 2
TOP OF THE 6TH
Glendale Herons batting - Pitching for Virginia Beach Deuces : LHP Gabriel Herrera
Batting: LHB José Rodríguez 0-0: Ball
1-0: Called Strike
1-1: Foul Ball, location: 2F
1-2: SINGLE (Groundball, 6MD)
Batting: SHB Yun-qi Chien 0-0: Bunted foul
0-1: Bunt missed!
0-2: Fielders Choice at 2nd, 6-4 (Groundball, 6)
Batting: RHB Salvador Bueno 0-0: Ball
1-0: Ball
2-0: Ball
3-0: Called Strike
3-1: Called Strike
3-2: Strikes out swinging
Yun-qi Chien is caught stealing 2nd base
Batter strikes out.
Top of the 6th over - 0 run(s), 1 hit(s), 0 error(s), 0 left on base; Glendale 5 - Virginia Beach 2
BOTTOM OF THE 6TH
Virginia Beach Deuces batting - Pitching for Glendale Herons : RHP Toddster Gordo
Batting: RHB Andrew Crosby 0-0: Called Strike
0-1: Swinging Strike
0-2: Foul Ball, location: 2F
0-2: Strikes out looking
Batting: SHB Carlos Pérez 0-0: Called Strike
0-1: Ball
1-1: Foul Ball, location: 2F
1-2: Fly out, F4 (Popup, 4)
Batting: RHB Gerardo Espinoza 0-0: Foul Ball, location: 2F
0-1: Foul Ball, location: 2F
0-2: Ball
1-2: Foul Ball, location: 2F
1-2: Ball
2-2: Strikes out looking
Bottom of the 6th over - 0 run(s), 0 hit(s), 0 error(s), 0 left on base; Glendale 5 - Virginia Beach 2
TOP OF THE 7TH
Glendale Herons batting - Pitching for Virginia Beach Deuces : LHP Gabriel Herrera
Batting: RHB Cristián Lima 0-0: Ground out 5-3 (Groundball, 5S)
Batting: LHB Jin-song Seah 0-0: Fly out, F9 (Flyball, 9D)
Batting: RHB Claudio Tappen 0-0: Called Strike
0-1: Ball
1-1: Foul Ball, location: 2F
1-2: Ball
2-2: Ground out 6-3 (Groundball, 56D)
Top of the 7th over - 0 run(s), 0 hit(s), 0 error(s), 0 left on base; Glendale 5 - Virginia Beach 2
BOTTOM OF THE 7TH
Virginia Beach Deuces batting - Pitching for Glendale Herons : RHP Toddster Gordo
Batting: LHB Ramón Castro 0-0: Foul Ball, location: 2F
0-1: Ball
1-1: Ball
2-1: SINGLE (Line Drive, 7LS)
Batting: RHB Jody Lemoine 0-0: Swinging Strike
0-1: Foul Ball, location: 2F
0-2: Foul Ball, location: 2F
0-2: Ground out 5-3 (Groundball, 56S)
Ramón Castro to second
Batting: RHB James Hill 0-0: SINGLE (Groundball, 4D)
Ramón Castro to third
Runner from 3rd tries for Home, SAFE, no throw
Batting: SHB Leo Szilard 0-0: DOUBLE (Line Drive, 9LM)
James Hill to third
Batting: RHB Júlio Becerra 0-0: Foul Ball, location: 2F
0-1: Ball
1-1: Ground out 4-3 (Groundball, 4)
James Hill scores
Leo Szilard to third
Batting: LHB Atílio Mansilhas 0-0: Swinging Strike
0-1: Ball
1-1: Ball
2-1: Ball
3-1: Called Strike
3-2: Fly out, F7 (Flyball, 7S)
Bottom of the 7th over - 2 run(s), 3 hit(s), 0 error(s), 1 left on base; Glendale 5 - Virginia Beach 4
TOP OF THE 8TH
Glendale Herons batting - Pitching for Virginia Beach Deuces : LHP Gabriel Herrera
Pitching: RHP Lindsay Novak
Batting: RHB Takechi Okubo 0-0: Called Strike
0-1: Foul Ball, location: 2F
0-2: Foul Ball, location: 2F
0-2: Strikes out swinging
Batting: RHB Héctor Moreno 0-0: Called Strike
0-1: Ground out 6-3 (Groundball, 6MD)
Batting: LHB Jerry Wilson 0-0: Called Strike
0-1: Fly out, F9 (Flyball, 9LM)
Top of the 8th over - 0 run(s), 0 hit(s), 0 error(s), 0 left on base; Glendale 5 - Virginia Beach 4
BOTTOM OF THE 8TH
Virginia Beach Deuces batting - Pitching for Glendale Herons : RHP Toddster Gordo
Now at C: Santiago Ramos
Batting: RHB Andrew Crosby 0-0: Ball
1-0: Fly out, F9 (Flyball, 9LM)
Batting: SHB Carlos Pérez 0-0: Called Strike
0-1: DOUBLE (Flyball, 8LD)
Pitching: RHP Ted Thompson
Pinch Hitting: RHB Luis Jelarde 0-0: Ground out 5-3 (Groundball, 56)
Pitching: LHP Sammy Nash
Batting: LHB Ramón Castro 0-0: Ball
1-0: SINGLE (Line Drive, 8RS)
Carlos Pérez to third
Pitching: RHP Salvador Torres
Pinch Hitting: SHB Juan Perales 0-0: Fly out, F8 (Flyball, 8RD)
Bottom of the 8th over - 0 run(s), 2 hit(s), 0 error(s), 2 left on base; Glendale 5 - Virginia Beach 4
TOP OF THE 9TH
Glendale Herons batting - Pitching for Virginia Beach Deuces : RHP Lindsay Novak
Now at SS: Rojo Nasution
Now in CF: Juan Perales
Batting: LHB José Rodríguez 0-0: Called Strike
0-1: Foul Ball, location: 2F
0-2: Ball
1-2: SINGLE (Flyball, 7S)
Batting: SHB Yun-qi Chien 0-0: Ball
1-0: Sac Bunt - play at first, batter OUT! 5-4
José Rodríguez to second
Pinch Hitting: RHB Álex Cordero 0-0: Called Strike
0-1: Fly out, F9 (Flyball, 9)
Batting: RHB Cristián Lima 0-0: Called Strike
0-1: Ball
1-1: Ball
2-1: Foul Ball, location: 2F
2-2: Foul Ball, location: 2F
2-2: Ball
3-2: Fly out, F8 (Line Drive, 78D)
Top of the 9th over - 0 run(s), 1 hit(s), 0 error(s), 1 left on base; Glendale 5 - Virginia Beach 4
BOTTOM OF THE 9TH
Virginia Beach Deuces batting - Pitching for Glendale Herons : RHP Salvador Torres
Pitching: LHP Nick Riviera
Now at SS: Jesús Herrera
Now in RF: Pedro Vásquez
Batting: RHB James Hill 0-0: Ball
1-0: Called Strike
1-1: Ball
2-1: Fly out, F9 (Line Drive, 89M)
Pinch Hitting: RHB Daniel Ruíz 0-0: Ball
1-0: Ball
2-0: SINGLE (Groundball, 56D)
Batting: RHB Júlio Becerra 0-0: Ball
1-0: Ball
2-0: Ball
3-0: Called Strike
3-1: Called Strike
3-2: Strikes out looking
Pinch Hitting: RHB Harry Freidricks 0-0: Foul Ball, location: 2F
0-1: Foul Ball, location: 2F
0-2: Ball
1-2: Ball
2-2: Foul Ball, location: 2F
2-2: Fly out, F9 (Flyball, 9S)
Bottom of the 9th over - 0 run(s), 1 hit(s), 0 error(s), 1 left on base; Glendale 5 - Virginia Beach 4
Wednesday, September 6th, 2017 - OOTP Baseball 17.12 Build 75